[Event "Croatian 1B League 2022"]
[Site "Porec"]
[Date "2022.09.27"]
[Round "4.5"]
[White "Zelenika, Srdjan"]
[Black "Sekelja, Marko"]
[Result "1/2-1/2"]
[ECO "B19"]
[WhiteElo "2207"]
[BlackElo "2088"]
[Annotator "TA"]
[PlyCount "75"]
[EventDate "2022.09.24"]
[EventType "team-tourn"]
[EventCountry "CRO"]
[SourceTitle "playchess.com"]
[Source "ChessBase"]
[SourceQuality "1"]
[TimeControl "40/5400+30:1800+30"]

1. e4 c6 2. d4 d5 3. Nd2 dxe4 4. Nxe4 Bf5 5. Ng3 Bg6 6. h4 h6 7. Nf3 Nd7 8. h5 Bh7 9. Bd3 Bxd3 10. Qxd3 e6 11. Bf4 Ngf6 12. O-O-O Be7 13. Kb1 {[%emt 0:07:17] B19: Classical Caro-Kann: 4...Bf5 main line.} Qb6 14. c4 O-O-O (14... O-O $11) 15. Qc2 $14 {[%emt 0:18:32] White is slightly better.} c5 16. d5 {[%emt 0:04:17] [#]} Bd6 $146 (16... Rhe8 $1 $14) ({Predecessor:} 16... Rhe8 17. dxe6 fxe6 18. Rhe1 Nf8 19. Be5 Rxd1+ 20. Rxd1 Rd8 {1-0 (79) Kholmov,R-Fazekas,S Kecskemet 1962}) 17. Bxd6 $18 Qxd6 18. dxe6 Qxe6 19. Rde1 Qa6 20. Re7 $36 {[%emt 0:02:29][%mdl 2048] Black is under strong pressure.} Rhf8 21. Nf5 {[%emt 0:04:32] White is much more active.} Rde8 (21... Ng8 $16) 22. Rxe8+ Nxe8 23. Rd1 {[%emt 0:04:48] And now Ne7+ would win.} Qe6 24. Qd3 {[%emt 0:03:54][%cal Of3e5] Black must now prevent Ne5!} Nef6 {[%emt 0:11:59] [#]} 25. Re1 $1 ({Resist} 25. Nxg7 $6 Qe4 $16) 25... Qa6 26. g3 Nxh5 27. Re7 Qc6 28. Nd6+ Kd8 $2 {[%emt 0:02:52] [#]} (28... Kb8 29. Nxb7 (29. Nxf7 Nb6 $16) 29... Qg6 30. Qxg6 (30. Rxd7 Qxd3+ 31. Rxd3 Kxb7 $16) 30... fxg6) 29. Rxf7 $2 (29. Ne5 $1 $18 Nxe5 30. Rxe5) 29... Rxf7 $11 {[%emt 0:00:48] The position is equal.} 30. Nxf7+ Ke7 31. N7e5 Nxe5 32. Nxe5 {[%emt 0:00:05][%mdl 4096] Endgame KQN-KQN} Qh1+ 33. Kc2 {[%emt 0:00:07] Strongly threatening Qd7+.} Nf6 {[%emt 0:00:14] Prevents Qd7+.} 34. Nf3 Qh5 35. Kb3 Qg4 36. Qe3+ Kd6 37. Qe5+ Kc6 38. Qe3 {[%emt 0:00:33] Blacks defense is rewarded with a draw.  Weighted Error Value: White=0.23 (precise) /Black=0.35} 1/2-1/2

[Event "Croatian 1B League 2022"]
[Site "Porec"]
[Date "2022.09.27"]
[Round "4.6"]
[White "Tomas, Ante"]
[Black "Klobucar, Dean"]
[Result "0-1"]
[ECO "C18"]
[WhiteElo "2137"]
[BlackElo "2196"]
[Annotator "TA"]
[PlyCount "94"]
[EventDate "2022.09.24"]
[EventType "team-tourn"]
[EventCountry "CRO"]
[SourceTitle "playchess.com"]
[Source "ChessBase"]
[SourceQuality "1"]
[TimeControl "40/5400+30:1800+30"]

1. e4 e6 2. d4 d5 3. Nc3 Bb4 4. e5 c5 5. a3 cxd4 6. axb4 dxc3 7. bxc3 Ne7 8. Nf3 Qc7 9. Bd3 {[%emt 0:06:53] C18: French: 3 Nc3 Bb4: Main line: 7 h4 and 7 Qg4.} (9. Bb5+ Bd7 10. Bd3 Nbc6 $15) 9... Qxc3+ 10. Bd2 Qc7 11. O-O {[%emt 0:00:35][%mdl 1024] White has compensation. White is slightly better.} Nd7 12. Re1 {[%emt 0:03:36] [#]} Nb6 $146 ({Predecessor:} 12... a6 13. Qe2 Rb8 14. b5 Nc5 15. Bb4 Ra8 16. bxa6 bxa6 17. Bb5+ Bd7 18. Bxd7+ Kxd7 {1-0 (58) Ljuboschiz,A (1992)-Heyn,P (1778) Leverkusen 2012}) 13. Ng5 {[%emt 0:20:35] Hoping for Qh5.} h6 $1 14. Qh5 g6 $1 15. Qh3 Nc4 16. Bc1 a5 ({Much less strong is} 16... Nxe5 17. Bf4 f6 18. c4 $16 (18. Nxe6 Qc6 $16)) 17. Nf3 a4 18. Qh4 Ng8 19. Bg5 b5 20. Be3 Qd8 (20... Nxe3 $11 21. Bxb5+ Bd7 22. Bxd7+ Kxd7 23. fxe3 Ne7) 21. Qg3 Bd7 {[%emt 0:01:18] [#]} ({Black should play} 21... Nxe3 $14 22. Rxe3 (22. Bxb5+ Bd7 $11) 22... Ba6) 22. Bxg6 $1 $16 Nxe3 (22... Ne7 23. Bd3) 23. Rxe3 ({Don't go for} 23. Bxf7+ $2 Kxf7 24. Rxe3 Rh7 25. Qf4+ Ke8 $19) 23... Ne7 (23... fxg6 $2 24. Qxg6+ Ke7 25. Qg7+ Ke8 26. Qg6+ Ke7 27. Qg7+ Ke8 28. Qg6+ Ke7 $18) 24. Bd3 Qc7 25. Qh4 (25. Ra3 $1 $18) 25... Qc3 {[%emt 0:00:57] [#]} 26. Ree1 (26. Rf1 $1 $16 {And now Ng5 would win.} a3 {[#]} 27. Bxb5 $1) 26... a3 (26... Ng6 $1 $11 {keeps the balance.} 27. Qd4 Qxd4 28. Nxd4 O-O) 27. Qd4 (27. Ra2 $16) 27... Qc7 $2 (27... Qxd4 $1 $11 {and Black stays safe.} 28. Nxd4 a2) 28. Ra2 $18 Nc6 29. Qc5 Qa7 {[%emt 0:00:19] ...Qxc5 is the strong threat.} 30. Bxb5 $4 (30. Qc3 $18) 30... Qxc5 $19 {[%emt 0:00:11][%mdl 64] Remove Defender} 31. bxc5 Nb4 $1 {[%emt 0:00:47][%csl LRa2,LRb5][%mdl 64] Discovered Attack} 32. c6 Nxa2 33. cxd7+ Kd8 34. Nd4 Kc7 {[%emt 0:00:39] aiming for ...Nc3.} 35. Nc6 (35. Ra1 $142 Nc3 36. Bd3) 35... Nc3 36. d8=Q+ Rhxd8 37. Nxd8 Nxb5 38. Nxf7 {[%emt 0:00:05][%mdl 4096] Endgame KRN-KRN} a2 39. Ra1 Nd4 {[%emt 0:00:06] Strongly threatening ...Rb8.} 40. g4 Nxc2 41. Rxa2 Rxa2 42. h4 d4 43. g5 hxg5 44. Nxg5 Kd7 (44... d3 $142 45. Ne4 Nd4 46. Kg2 d2 47. Nxd2 Rxd2 48. Kh3 Rxf2 49. h5 Rf4 50. h6 Nf5 51. h7 Rh4+ 52. Kg2 Rxh7 53. Kf2 Rh4 54. Kf3 Kc6 55. Kf2 Kd5 56. Ke2 Kd4 57. Kf3 Kd3 58. Kf2 Rf4+ 59. Kg1 Ke2 60. Kg2 Rh4 61. Kg1 Kf3 62. Kf1 Rh1#) 45. h5 d3 {[%emt 0:00:23] Black mates.} 46. Ne4 Ke7 47. h6 Kf7 {[%emt 0:00:24] Weighted Error Value: White=0.85/Black=0.42} 0-1

[Event "Croatian 1B League 2022"]
[Site "Porec"]
[Date "2022.09.27"]
[Round "4.7"]
[White "Doric, Darko"]
[Black "Aczel, Gergely"]
[Result "0-1"]
[ECO "A46"]
[WhiteElo "2457"]
[BlackElo "2474"]
[Annotator "TA"]
[PlyCount "190"]
[EventDate "2022.09.24"]
[EventType "team-tourn"]
[EventCountry "CRO"]
[SourceTitle "playchess.com"]
[Source "ChessBase"]
[SourceQuality "1"]
[TimeControl "40/5400+30:1800+30"]

1. d4 Nf6 2. Nf3 e6 3. Bf4 h6 4. c4 b6 5. h3 Bb7 6. e3 {[%emt 0:00:25] A46: 1 d4 Nf6 2 Nf3 e6: Torre, London and Colle Systems.} d5 7. Nc3 {[%emt 0:01:41] [#]} Bd6 $146 ({Predecessor:} 7... Bb4 8. Qa4+ Nbd7 9. Qxb4 {1-0 (9) Geshelin,Y (2160)-Vekshin,V Satka 2004}) 8. Bxd6 {[%emt 0:00:56] The position is equal.} Qxd6 9. cxd5 Nxd5 10. Qa4+ c6 (10... Nd7 {is interesting.} 11. Ne5 Nxc3 12. bxc3 c6) 11. Nxd5 exd5 12. Be2 O-O 13. Rc1 Nd7 14. O-O a5 15. Rfd1 Rfc8 16. Rd2 Rc7 17. Bd3 g6 18. h4 h5 19. g3 Re8 20. Qd1 Nf6 21. Rdc2 Ng4 22. Qe1 c5 23. Bb5 Rec8 24. Nh2 Nxh2 25. Kxh2 c4 26. a4 Bc6 27. Bxc6 Rxc6 28. Kg2 Qb4 29. Ra1 Rb8 30. e4 dxe4 31. Qxe4 Re6 32. Qf3 Rd8 33. Qc3 {[%emt 0:01:05] aiming for Qxb4.} Qd6 34. Qxc4 Qxd4 35. Qxd4 Rxd4 $11 {[%emt 0:00:02][%mdl 4096] Endgame KRR-KRR} 36. b3 Rd3 37. Rb1 Re4 38. Rc4 Rxc4 39. bxc4 {[%emt 0:00:03] KR-KR} Rc3 40. Rxb6 {[%emt 0:00:00] [#] Black must now prevent Rb5.} Rxc4 41. Ra6 Rxa4 42. Kf3 Ra2 43. Ra8+ Kg7 44. Ra6 $1 Ra3+ 45. Kf4 Kf8 46. Ra7 Ra2 47. Kf3 Ra3+ 48. Kf4 Ke8 49. Ke4 Ra2 50. Kf3 a4 51. Ke3 a3 52. Kf3 $1 Kf8 53. Ke3 Kg7 54. Ra6 f6 55. Ra7+ Kf8 56. Kf3 Ke8 57. Ra6 Ke7 58. Ke3 Kf7 59. Kf3 $1 Ra1 60. Kf4 Ke7 ({But not} 60... a2 $2 61. Kf3 $19) 61. Kf3 Kf7 (61... a2 {with more complications.} 62. Ke2 Kd8 63. Ra7 Kc8) 62. Kf4 Ke7 $2 (62... a2 $11 63. Kf3 g5) 63. Kf3 $19 Ra2 $2 (63... a2 $19 64. Ke2 Kd7) 64. Kg2 g5 65. hxg5 fxg5 {[%emt 0:00:12] [#] ...g4 is the strong threat.} 66. Ra5 $2 {[%emt 0:00:17][%mdl 8192] Black converts the advantage convincingly.} (66. Kh3 $11) 66... g4 67. Ra6 $2 (67. Re5+ Kd7 68. Ra5) 67... Kd7 68. Ra8 Kc6 69. Kf1 Ra1+ 70. Kg2 Ra2 71. Kf1 $1 Kb7 {[%emt 0:00:49] Against Rc8} 72. Ra5 Kb6 73. Ra8 Ra1+ 74. Kg2 Ra2 75. Kf1 Kb5 76. Rb8+ Kc4 77. Rc8+ Kd4 78. Rd8+ Kc4 79. Rc8+ $1 Kb4 80. Rb8+ Kc3 81. Rc8+ Kd3 $2 (81... Kb2 82. Rb8+ Kc3 83. Rc8+ Kb4 84. Rb8+ Kc4 85. Rc8+) 82. Rd8+ $2 (82. Re8) 82... Kc2 83. Rc8+ Kb1 84. Ra8 Ra1 85. Ke2 Kc2 86. Ke3 a2 87. Kf4 Kd2 88. Kg5 Ke2 89. Kxh5 Rh1+ 90. Kxg4 a1=Q {[%emt 0:00:04] ( -> ...Qg7+)} 91. Rxa1 Rxa1 {[%emt 0:00:05] Black mates.} 92. f4 Ke3 93. Kg5 Ke4 94. f5 Ke5 95. g4 Ra6 {[%emt 0:00:43] Weighted Error Value: White=0.03 (flawless) /Black=0.03 (flawless)} 0-1

[Event "Croatian 1B League 2022"]
[Site "Porec"]
[Date "2022.09.27"]
[Round "4.8"]
[White "Medvegy, Zoltan"]
[Black "Maksimovic, Bojan"]
[Result "0-1"]
[ECO "A49"]
[WhiteElo "2526"]
[BlackElo "2468"]
[Annotator "TA"]
[PlyCount "76"]
[EventDate "2022.09.24"]
[EventType "team-tourn"]
[EventCountry "CRO"]
[SourceTitle "playchess.com"]
[Source "ChessBase"]
[SourceQuality "1"]
[TimeControl "40/5400+30:1800+30"]

1. Nf3 Nf6 2. g3 g6 3. b3 Bg7 4. Bb2 d6 5. d4 c5 6. Bg2 Qa5+ 7. Qd2 {[%emt 0:00:14] A49: 1 d4 Nf6 2 Nf3 g6 3 g3: Anti-King's Indian systems.} Qxd2+ 8. Nbxd2 Na6 9. c4 {[%emt 0:03:46] The position is equal.} O-O 10. O-O Bd7 {[%emt 0:02:40] [#]} 11. e4 $146 ({Predecessor:} 11. a3 Rab8 12. e4 cxd4 13. Nxd4 Nc5 14. Rad1 Rfc8 15. h3 a6 16. b4 Nd3 17. Ba1 {1-0 (43) Efimenko,Z (2597)-Blohberger,F (2503) Warsaw 2021}) 11... cxd4 12. e5 Ng4 13. exd6 e5 14. h3 Nh6 15. Nxe5 Bxe5 16. Bxb7 Nc5 17. Bxa8 Rxa8 18. Rfe1 Bxd6 {[%emt 0:01:46] ...Nf5 is the strong threat.} 19. Bxd4 Bxh3 20. Ne4 Nxe4 21. Rxe4 Bf5 {[%emt 0:08:06] This bishop pair is nice.} 22. Rh4 ({Better is} 22. Ree1 $15) 22... Ng4 $17 23. f3 Ne5 $36 {[%emt 0:01:02][%mdl 2048] Black is really pushing.} 24. Kg2 g5 25. Rh6 Bg6 26. Rd1 a5 27. Bb6 ({White should play} 27. Bc3 $15 Bf8 28. Rhh1) 27... Bf8 $19 28. Rhh1 g4 29. Rd5 (29. fxg4 $142 Be4+ 30. Kh3) 29... gxf3+ ({Not} 29... Nxf3 30. Rxa5 Rb8 31. Bc7 $17) 30. Kf2 Re8 {[%emt 0:01:27] [#] White must now prevent ...Nd3+.} 31. Rhd1 {[%emt 0:00:11] Against Nd3+. This move loses the game for White.} (31. Rh4 $17 {nothing else works.}) 31... Be4 32. Rd8 Ng4+ 33. Kf1 Re5 34. Re1 Kg7 {[%emt 0:01:48] [#] Hoping for ...Bb4.} 35. Bd4 Bd3+ {[%emt 0:00:05] Black mates.} 36. Kg1 Bc5 37. Rxe5 Bxd4+ 38. Kh1 f2 {[%emt 0:00:27] Weighted Error Value: White=0.67/Black=0.08 (flawless)} 0-1

[Event "Croatian 1B League 2022"]
[Site "Porec"]
[Date "2022.09.27"]
[Round "4.9"]
[White "Cabarkapa, Novak"]
[Black "Rezan, Sasa"]
[Result "1/2-1/2"]
[ECO "A13"]
[WhiteElo "2433"]
[BlackElo "2388"]
[Annotator "TA"]
[PlyCount "40"]
[EventDate "2022.09.24"]
[EventType "team-tourn"]
[EventCountry "CRO"]
[SourceTitle "playchess.com"]
[Source "ChessBase"]
[SourceQuality "1"]
[TimeControl "40/5400+30:1800+30"]

1. c4 e6 2. g3 d5 3. Bg2 dxc4 4. Qa4+ Nd7 5. Qxc4 a6 6. Qb3 {[%emt 0:01:37] A13: English Opening: 1...e6.} Ngf6 7. Nc3 Rb8 8. d4 {[%emt 0:07:56] The position is equal.} b5 {[%emt 0:06:31] [#]} 9. Bf4 $146 ({Predecessor:} 9. Nf3 Bb7 10. O-O c5 11. Bg5 Be7 12. Rad1 c4 13. Qc2 O-O 14. Ne5 Bxg2 15. Kxg2 {0-1 (49) Maklakova,N (1833)-Zhang,A (2077) Chess.com INT 2020}) 9... Bd6 10. Bxd6 cxd6 11. a3 O-O 12. e4 Bb7 13. Nge2 a5 14. Qc2 b4 15. axb4 axb4 16. Na4 (16. Nd1 $15) 16... Qc8 $17 17. Qb1 Qc4 18. b3 Qb5 19. Ra2 Rfc8 20. O-O Rc7 {[%emt 0:03:21] Weighted Error Value: White=0.12 (very precise) /Black=0.10 (very precise)} 1/2-1/2

[Event "Croatian 1B League 2022"]
[Site "Porec"]
[Date "2022.09.27"]
[Round "4.10"]
[White "Plenkovic, Zdenko"]
[Black "Vojak, Daniel"]
[Result "0-1"]
[ECO "B90"]
[WhiteElo "2367"]
[BlackElo "2300"]
[Annotator "TA"]
[PlyCount "134"]
[EventDate "2022.09.24"]
[EventType "team-tourn"]
[EventCountry "CRO"]
[SourceTitle "playchess.com"]
[Source "ChessBase"]
[SourceQuality "1"]
[TimeControl "40/5400+30:1800+30"]

1. e4 c5 2. Nf3 d6 3. d4 cxd4 4. Nxd4 Nf6 5. Nc3 a6 6. Be3 e5 7. Nb3 Be6 8. f3 h5 9. Qd2 Nbd7 10. O-O-O Rc8 11. Kb1 Be7 12. Nd5 {[%emt 0:03:40] B90: Sicilian Najdorf: Unusual White 6th moves, 6 Be3 Ng4 and 6 Be3 e5.} Bxd5 13. exd5 Nb6 $1 {[%emt 0:01:27] [#] Inhibits c4.} 14. Bf2 $146 {[%emt 0:16:20] The position is equal.} ({Predecessor:} 14. Bxb6 Qxb6 15. Bd3 Rc7 16. c4 O-O 17. Rhe1 Bd8 18. g3 Re8 19. h3 Kf8 20. g4 hxg4 21. hxg4 {1-0 (32) Yu,Y (2749)-Zhou,J (2595) Beijing 2017}) 14... Nbxd5 15. g3 O-O 16. Bh3 {[%emt 0:07:11] Inhibits Qd7.} Rb8 17. Rhe1 Nb6 18. f4 Nc4 19. Qe2 {[%emt 0:04:24][%mdl 1024] White has compensation.} Qc7 20. Nd4 Rfe8 $17 21. Nf5 Bf8 22. Ne3 {[%emt 0:04:04] [#]} Nxe3 (22... b5 $142 $1 {Hoping for ...exf4.} 23. Qf1 e4) 23. Bxe3 exf4 24. gxf4 d5 25. Qg2 Qc4 26. Qg1 Re7 27. Bf1 (27. Rd3 $11) 27... Qc7 28. Bd3 Rbe8 29. Bd2 Rxe1 (29... Ne4 {is interesting.} 30. Bc1 Re6 31. f5 Bc5) 30. Rxe1 Rxe1+ 31. Qxe1 Bd6 32. Qe3 Bc5 33. Qf3 Qb6 34. Bc1 Bd6 35. h3 Qb4 (35... a5 {keeps more tension.} 36. Be2 Qg1 37. c4 d4) 36. c3 Qb6 37. c4 d4 38. Bc2 Qc6 39. Qd3 Bc5 40. a3 Qh1 41. Qf5 (41. b4 $1 $11 Be7 42. c5) 41... Bf8 42. Bd3 Qf3 $36 {[%emt 0:02:36][%cal Og7g6][%mdl 2048] Black has strong initiative.} 43. Kc2 Qc6 44. Kb1 Qf3 {[%emt 0:01:16][%cal Og7g6] Threatens to win with ...g6!} 45. Kc2 $1 Qc6 ({Black should try} 45... Qf2+ $15 46. Kb1 Qf3) 46. Qe5 (46. Kb1 $11 {keeps the balance.}) 46... Qg2+ 47. Bd2 Qxh3 48. Qxd4 h4 49. Qf2 {[%emt 0:06:01] Prevents Qg2.} Qh1 50. Qf1 Qh2 51. Bf5 g6 52. Qh3 {[%emt 0:00:09] [#]} (52. Bh3 $17) 52... Qf2 $1 $19 53. Bd3 Bd6 54. Qe3 Qxe3 {[%emt 0:05:10] Black is more active.} 55. Bxe3 $17 {[%emt 0:00:04][%mdl 4096] Endgame KBB-KBN} h3 56. Bf1 h2 57. Bg2 b5 58. c5 Ng4 59. Bd4 {[%emt 0:00:31] This move loses the game for White.} (59. Kd3 $17 {keeps fighting.} Nxe3 60. Kxe3 Bxc5+ 61. Kf3) 59... Bxf4 $19 60. c6 Kf8 61. Kd3 Ke7 62. Ke4 Bc7 63. Bc5+ Ke6 {[%emt 0:00:14] aiming for ...f5+. Black is clearly winning.} 64. b4 f5+ 65. Kd3 Nf6 66. Ke3 Ne4 67. Bd4 Ng3 {[%emt 0:00:12] Weighted Error Value: White=0.26 (precise) /Black=0.14 (very precise)} 0-1

[Event "Croatian 1B League 2022"]
[Site "Porec"]
[Date "2022.09.27"]
[Round "4.11"]
[White "Sevo, Igor"]
[Black "Bilobrk, Franjo"]
[Result "1/2-1/2"]
[ECO "A30"]
[WhiteElo "2255"]
[BlackElo "2341"]
[Annotator "TA"]
[PlyCount "98"]
[EventDate "2022.09.24"]
[EventType "team-tourn"]
[EventCountry "CRO"]
[SourceTitle "playchess.com"]
[Source "ChessBase"]
[SourceQuality "1"]
[TimeControl "40/5400+30:1800+30"]

1. Nf3 Nf6 2. g3 b6 3. Bg2 Bb7 4. O-O c5 5. c4 g6 6. Nc3 Bg7 7. d4 cxd4 8. Qxd4 d6 9. Qh4 h6 {[%emt 0:02:04] A30: Symmetrical English: Double Fianchetto and Hedgehog.} 10. Qf4 Nbd7 {[%emt 0:00:25] [#]} 11. Rb1 $146 ({Predecessor:} 11. Rd1 Rc8 12. b3 Ne4 13. Nxe4 Bxa1 14. Ba3 Bg7 15. Rxd6 Qc7 16. Bh3 O-O 17. Rxd7 Qxf4 18. gxf4 Bxe4 {0-1 (35) Rademakers,E (2219)-Grooten,H (2384) Utrecht 2018}) 11... Rc8 12. b3 $1 O-O 13. Bb2 Re8 14. Rfd1 Rc5 15. Ne1 Rf5 16. Qd2 Bxg2 17. Nxg2 Rc5 18. Nf4 Qa8 19. Nfd5 h5 20. Ba3 Rcc8 21. Nxf6+ Nxf6 22. Nd5 (22. Qe3 {keeps more tension.} Ng4 23. Qd3 a6 24. h3) 22... Nxd5 (22... Qb7 {is interesting.} 23. Nxf6+ Bxf6 24. Rbc1 h4) 23. Qxd5 Qxd5 24. Rxd5 Rc6 25. Bc1 e6 26. Rd2 d5 27. cxd5 exd5 28. Bb2 Bxb2 29. Rbxb2 $11 {[%emt 0:00:09][%mdl 4096] Endgame KRR-KRR} Rd8 30. Rd4 f5 31. Rbd2 Rcd6 32. h3 Kf7 33. g4 hxg4 34. hxg4 Ke6 35. Kg2 Rf8 36. gxf5+ gxf5 37. Rh4 Rd7 38. Kf3 Ke5 39. e3 Rff7 40. Rh6 Rh7 {[%emt 0:00:00] The position is equal.} 41. Rg6 d4 42. exd4+ Rxd4 43. Rxd4 Kxd4 {[%emt 0:00:02] KR-KR} 44. Re6 Kd5 45. Re2 Rh4 46. Re7 a5 47. Rf7 Ke5 48. Re7+ Kd5 49. Rf7 Ke5 {[%emt 0:00:01] Weighted Error Value: White=0.07 (flawless) /Black=0.07 (flawless)} 1/2-1/2

[Event "Croatian 1B League 2022"]
[Site "Porec"]
[Date "2022.09.27"]
[Round "4.12"]
[White "Biliskov, Vjekoslav"]
[Black "Novosel, Lovro"]
[Result "1-0"]
[ECO "D53"]
[WhiteElo "2245"]
[BlackElo "2274"]
[Annotator "TA"]
[PlyCount "73"]
[EventDate "2022.09.24"]
[EventType "team-tourn"]
[EventCountry "CRO"]
[SourceTitle "playchess.com"]
[Source "ChessBase"]
[SourceQuality "1"]
[TimeControl "40/5400+30:1800+30"]

1. d4 Nf6 2. c4 e6 3. Nc3 d5 4. Bg5 Nbd7 5. e3 h6 6. Bh4 c6 7. Nf3 Be7 8. cxd5 {[%emt 0:05:26] D53: Queen's Gambit Declined: 4 Bg5 Be7: Early deviations.} exd5 9. Bg3 O-O 10. Bd3 {[%emt 0:01:01] Against Ne4. The position is equal.} Re8 11. O-O a5 12. Qc2 Bf8 13. h3 b5 {[%emt 0:08:15] [#]} 14. Ne5 $146 ({Predecessor:} 14. Rfe1 Ba6 15. a3 Qb6 16. Ne5 b4 17. axb4 Bxd3 18. Nxd3 axb4 19. Na4 Qb5 20. b3 {½-½ (40) Houska,J (2360)-Harika,D (2517) Chennai 2022}) 14... Nxe5 15. Bxe5 Nd7 16. Bg3 ({Much worse is} 16. Bh7+ Kh8 17. Bf5 Nxe5 18. dxe5 Rxe5 19. Bxc8 Rxc8 $17) 16... Nb6 17. Ne2 Bb7 18. Nc1 a4 19. Be2 Nc4 20. Nd3 {[%emt 0:00:52] Prevents c5.} Nd6 (20... Qg5 {feels hotter.} 21. Kh2 Bc8 22. Ne5 Qf6) 21. Nc5 {[%emt 0:02:25] Threatens to win with Bxd6.} Bc8 22. Bd3 Qf6 23. Be5 Rxe5 24. dxe5 Qxe5 25. e4 (25. b3 $11 {keeps the balance.}) 25... Nc4 $17 {[%emt 0:00:51] ...Bd6 is the strong threat.} 26. exd5 $2 {[%emt 0:06:20] [#]} (26. b4 $17) 26... Bxc5 $4 (26... Bd6 $1 $19 {[%csl Gd6][%cal Re5h2] and life is good for Black.} 27. Rfe1 Qh2+ 28. Kf1 Bxh3 29. gxh3 Qxh3+ 30. Ke2 Bxc5 31. Bxc4 Qh5+ 32. Kf1 Qh1+ 33. Ke2 Qh5+ 34. Kd3 (34. Kf1 $2 Qh1+ 35. Ke2 Re8+ 36. Kd2 Bb4+ 37. Qc3 Bxc3+ $19) 34... Qf3+ 35. Kd2 Bb4+ 36. Kc1 Bxe1) 27. Rfe1 Bd6 {[%emt 0:11:45] aiming for ...Qh2+.} 28. Rxe5 Bxe5 29. Re1 f6 30. Bxc4 bxc4 31. Qxc4 Bf5 32. dxc6+ Kh7 33. g4 Bg6 34. f4 Bxb2 35. c7 {[%emt 0:00:32] White mates.} Rc8 36. f5 Be8 {[%emt 0:00:47] [#]} 37. Rxe8 $1 {[%emt 0:00:39] Weighted Error Value: White=0.26 (precise) /Black=0.57} 1-0

[Event "Croatian 1B League 2022"]
[Site "Porec"]
[Date "2022.09.28"]
[Round "5.1"]
[White "Draskovic, Luka"]
[Black "Movsesian, Sergei"]
[Result "1/2-1/2"]
[ECO "B23"]
[WhiteElo "2492"]
[BlackElo "2619"]
[Annotator "TA"]
[PlyCount "41"]
[EventDate "2022.09.24"]
[EventType "team-tourn"]
[EventCountry "CRO"]
[SourceTitle "playchess.com"]
[Source "ChessBase"]
[SourceQuality "1"]
[TimeControl "40/5400+30:1800+30"]

1. e4 c5 2. Nc3 e6 3. Nge2 Nc6 4. g3 d5 5. exd5 exd5 6. d4 Bg4 {[%emt 0:00:54] [#] ...cxd4 is the strong threat.} 7. Bg2 {[%emt 0:00:39] B23: Closed Sicilian: Lines without g3.} Nxd4 8. h3 Bf3 9. Kf1 Qf6 10. Qd3 {[%emt 0:01:26] [#] Black must now prevent Nxd4.} Bxg2+ 11. Kxg2 Nxe2 12. Qxe2+ Ne7 {[%emt 0:01:17] [#]} 13. Nxd5 $146 (13. Nb5 {feels hotter.} Kd7 14. Rd1 Qe6 15. Qf3) ({Predecessor:} 13. Nb5 Rd8 14. Bf4 d4 15. Kh2 Rd7 16. Rhe1 a6 17. Nc7+ Kd8 18. Na8 Rg8 19. a4 {0-1 (51) Indjic,A (2612)-Volokitin,A (2652) Riga 2021}) 13... Qc6 14. c4 O-O-O 15. Qg4+ ({Reject} 15. Bg5 Nxd5 16. Qg4+ Rd7 17. cxd5 Qxd5+ 18. Kh2 h5 $17) 15... f5 16. Qf3 {[%emt 0:00:52] Hoping for Bg5.} Nxd5 17. Qxf5+ Kc7 18. Qe5+ Rd6 {[%emt 0:08:02] ( -> ...Nf4+)} 19. cxd5 {[%emt 0:00:07] The position is equal.} Qxd5+ 20. Qxd5 Rxd5 21. Be3 {[%emt 0:01:11] A balanced but interesting game.  Weighted Error Value: White=0.05 (flawless) /Black=0.02 (flawless)} 1/2-1/2

[Event "Croatian 1B League 2022"]
[Site "Porec"]
[Date "2022.09.28"]
[Round "5.2"]
[White "Jovanovic, Zoran"]
[Black "Skuhala, Jernej"]
[Result "1-0"]
[ECO "B10"]
[WhiteElo "2519"]
[BlackElo "2349"]
[Annotator "TA"]
[PlyCount "55"]
[EventDate "2022.09.24"]
[EventType "team-tourn"]
[EventCountry "CRO"]
[SourceTitle "playchess.com"]
[Source "ChessBase"]
[SourceQuality "1"]
[TimeControl "40/5400+30:1800+30"]

1. e4 c6 2. Nf3 d5 3. d3 g6 4. Qe2 Bg7 5. g3 dxe4 6. dxe4 {[%emt 0:01:35] [#] B10: Caro-Kann: 2 d3 and 2 c4.} Bg4 $146 ({Predecessor:} 6... e5 7. Nbd2 h6 8. Nc4 Qc7 9. Be3 b5 10. Ncxe5 Bxe5 11. Nxe5 Qxe5 12. O-O-O Nf6 {1-0 (68) Andreikin,D (2726)-Bologan,V (2574) Chess.com INT 2020}) 7. Nbd2 Nd7 8. h3 {[%emt 0:11:01] White is slightly better.} Bxf3 9. Nxf3 e6 10. Bg2 Ne7 11. O-O O-O 12. Rd1 Qc7 13. Bf4 e5 14. Be3 Rfd8 15. a4 {[%emt 0:00:58] White has more active pieces. The black rooks are badly placed.} Nf8 (15... Nf6 $14) 16. h4 $16 Ne6 {[%emt 0:01:25] [#]} 17. c3 $1 Rxd1+ 18. Rxd1 (18. Qxd1 Rd8 19. Qb3 Nc8 $16) 18... Rd8 19. Bh3 (19. Bxa7 $6 Rxd1+ 20. Qxd1 b6 $14) 19... h6 (19... Rxd1+ $142 20. Qxd1 Nf8) 20. Bxe6 $18 ({Weaker is} 20. Bxa7 Rxd1+ 21. Qxd1 c5 $14) 20... fxe6 21. Rxd8+ ({Not} 21. Bxa7 Rxd1+ 22. Qxd1 c5 $14) 21... Qxd8 22. Qc4 Kf7 23. Bxa7 Nc8 24. Bc5 ({Don't do} 24. Be3 $6 Qa5 25. b3 Qd8 $18) 24... Bf6 25. Kg2 Qd7 26. a5 {[%emt 0:00:13] White is winning.} Qc7 27. b4 Qd7 28. Qe2 {[%emt 0:00:21] Weighted Error Value: White=0.03 (flawless) /Black=0.22 (precise)} 1-0